Map: Invader LE

Players

Fropez

  • Race: Protoss Protoss
  • League: Silver
  • Spawn Location: 1:00

Terranova - Winner!

  • Race: Terran Terran
  • League: Bronze
  • Spawn Location: 5:00

VOD

Have the link to the VOD?

Description

Time

  • Played on: April 16, 2016, 8:35 p.m.
  • Length: 21:02
Show
View Real Time Build Order
Export as new Build Order

Fropez Protoss 

Build Orders: Zealot Archon 

Get SALT Encoding   

  12  0:21  Probe (Chrono Boost)  
  13  0:22  Pylon  
  13  0:35  Probe (Chrono Boost)  
  14  0:44  Forge  
  14  0:50  Pylon  
  14  0:55  Probe (Chrono Boost)  
  15  1:06  Probe (Chrono Boost)  
  15  1:09  Gateway  
  16  1:16  Probe (Chrono Boost)  
  16  1:18  Photon Cannon  
  17  1:27  Probe (Chrono Boost)  
  18  1:38  Probe (Chrono Boost)  
  18  1:39  Assimilator  
  19  1:44  Assimilator  
  19  1:48  Probe (Chrono Boost)  
  19  1:49  Pylon  
  20  1:56  Zealot  
  22  2:06  Pylon  
  22  2:07  Probe (Chrono Boost)  
  23  2:12  Cybernetics Core  
  23  2:20  Probe (Chrono Boost)  
  24  2:23  Zealot  
  26  2:32  Probe (Chrono Boost)  
  27  2:40  Gateway  
  27  2:43  Probe (Chrono Boost)  
  28  2:49  Warp Gate  
  28  2:53  Probe (Chrono Boost)  
  28  2:56  Stalker  
  31  3:04  Probe (Chrono Boost)  
  32  3:10  Protoss Ground Weapons Level 1  
  32  3:16  Mothership Core (Chrono Boost)  
  34  3:26  Stalker  
  36  3:32  Stalker  
  38  3:34  Probe (Chrono Boost)  
  37  3:52  Probe (Chrono Boost)  
  38  3:56  Nexus  
  38  4:04  Probe (Chrono Boost)  
  39  4:11  Stalker  
  39  4:15  Probe (Chrono Boost)  
  42  4:17  Stalker  
  44  4:27  Probe (Chrono Boost)  
  45  4:41  Stalker  
  47  4:54  Twilight Council  
  47  4:55  Gateway  
  47  5:01  Gateway  
  47  5:04  Pylon  
  47  5:08  Probe (Chrono Boost)  
  47  5:10  Probe (Chrono Boost)  
  49  5:47  Stalker x2  
  53  5:59  Blink (Chrono Boost)  
  53  6:00  Pylon  
  53  6:02  Pylon  
  53  6:07  Templar Archives  
  45  6:23  Probe  
  44  6:27  Protoss Ground Weapons Level 2  
  44  6:29  Probe  
  45  6:34  Probe  
  45  6:35  Assimilator  
  45  6:38  Assimilator  
  46  6:41  Probe  
  46  6:42  Pylon  
  46  6:45  Probe  
  48  6:53  Probe  
  49  6:55  Probe  
  50  7:03  Nexus  
  50  7:06  Assimilator  
  50  7:08  Pylon, Assimilator  
  50  7:11  Pylon  
  50  7:12  Pylon  
  50  7:13  Pylon  
  50  7:18  High Templar  
  50  7:19  High Templar  
  54  7:23  Pylon, Archon  
  54  7:30  Robotics Facility  
  54  7:32  Pylon  
  54  7:38  Stalker  
  55  7:51  Stalker  
  57  7:56  Stalker  
  57  7:57  Zealot  
  49  8:11  Probe  
  49  8:13  Probe  
  51  8:36  Probe  
  51  8:39  Probe  
  51  8:41  Nexus, High Templar  
  53  8:43  Photon Cannon x2  
  53  8:45  Photon Cannon  
  53  8:47  Photon Cannon  
  53  8:48  Probe  
  56  8:59  Probe  
  56  9:01  Observer  
  58  9:04  Probe  
  59  9:11  Probe  
  60  9:19  Photon Cannon  
  60  9:22  Pylon, Probe  
  61  9:31  High Templar  
  61  9:35  High Templar  
  65  9:39  Archon  
  65  9:42  Pylon  
  65  9:46  Stalker x2  
  69  9:57  Gateway x2  
  69  9:59  Gateway  
  69  10:01  Observer  
  69  10:05  Pylon  
  70  10:08  Probe  
  70  10:12  Forge, Zealot x2  
  70  10:13  Zealot x2  
  79  10:14  Pylon  
  79  10:24  Probe  
  79  10:25  Probe  
  81  10:40  Probe  
  81  10:49  Stalker x4  
  79  10:58  Stalker  
  70  11:27  Stalker x2  
  70  11:28  Stalker x3  
  80  11:33  Zealot  
  80  11:35  Probe  
  80  11:37  Probe  
  82  11:41  Probe  
  83  11:53  Probe  
  83  11:55  Pylon, Probe  
  83  11:58  Probe  
  86  12:05  Probe  
  86  12:06  Probe  
  88  12:10  Probe  
  89  12:16  Probe x2  
  89  12:20  Protoss Ground Armor Level 1 (Chrono Boost)  
  92  12:22  Probe  
  92  12:25  Protoss Shields Level 1 (Chrono Boost)  
  92  12:27  Probe  
  92  12:28  Probe  
  94  12:34  Probe  
  95  12:40  Probe  
  96  12:49  High Templar x7  
  110  12:53  Archon x3  
  110  12:57  Probe  
  110  12:58  Probe  
  111  13:00  Probe  
  113  13:08  Probe  
  113  13:10  Probe  
  113  13:12  Probe  
  116  13:15  Nexus  
  116  13:17  Assimilator  
  116  13:21  Assimilator  
  116  13:25  Photon Cannon  
  116  13:31  High Templar x4  
  124  13:36  Pylon, Archon  
  124  13:37  Archon  
  124  13:39  Archon  
  116  14:24  Probe  
  117  14:42  Nexus  
  117  14:45  Assimilator  
  117  14:46  High Templar x3  
  117  14:47  High Templar x2, Assimilator  
  117  14:51  Pylon, Archon x2  
  117  14:52  Pylon  
  127  14:58  Pylon  
  127  15:05  Pylon, Stargate  
  127  15:09  Pylon  
  127  15:10  Probe x2  
  127  15:11  Pylon  
  127  15:13  Protoss Ground Armor Level 2 (Chrono Boost)  
  129  15:19  Protoss Ground Weapons Level 3 (Chrono Boost)  
  129  15:20  Observer  
  130  15:24  Probe  
  131  15:36  Probe  
  78  15:54  High Templar  
  78  15:55  High Templar x2  
  68  15:58  High Templar  
  70  16:21  Psionic Storm  
  70  16:25  Stalker x2  
  72  16:26  Stalker  
  72  16:28  High Templar x2  
  67  17:27  Probe  
  67  17:29  Probe x2  
  64  17:35  Nexus  
  56  17:38  Probe  
  56  17:41  Probe x2  
  59  17:44  Nexus  
  59  17:45  High Templar x4  
  59  17:46  High Templar x3  
  59  17:48  Probe  
  74  17:53  Probe x2  
  74  17:57  Nexus  
  75  17:59  Probe  
  75  18:00  Assimilator  
  75  18:02  Assimilator  
  72  18:05  Probe x2  
  72  18:09  Probe  
  75  18:17  Assimilator  
  75  18:19  Assimilator  
  75  18:22  Probe  
  75  18:24  Probe x2  
  78  18:28  Assimilator  
  78  18:32  Probe  
  78  18:33  Assimilator  
  78  18:36  Probe x2  
  78  18:37  Pylon  
  78  18:39  Pylon  
  80  18:43  Probe  
  80  18:46  Pylon, High Templar x2  
  80  18:47  High Templar, Pylon  
  80  18:48  Probe x2  
  88  18:53  Probe  
  88  18:54  Observer  
  89  19:00  Pylon, Probe x2  
  89  19:02  Pylon  
  86  19:04  Probe  
  73  19:11  Probe  
  73  19:12  Probe  
  61  20:22  Stargate  
  61  20:25  Pylon  
  61  20:28  Pylon  
  59  20:31  Forge  
  59  20:33  Twilight Council  
  59  20:37  Gateway  
  59  20:39  Pylon  
  59  20:54  Gateway  
Show
View Real Time Build Order
Export as new Build Order

Terranova Terran - Winner!

Build Orders:  

Get SALT Encoding   

  12  0:01  SCV  
  13  0:13  SCV  
  14  0:21  Supply Depot  
  14  0:25  SCV  
  15  0:34  Refinery  
  16  0:46  Barracks  
  16  0:48  SCV  
  16  1:00  SCV  
  16  1:02  Refinery  
  17  1:18  SCV  
  18  1:19  Barracks  
  18  1:36  Barracks Tech Lab, Barracks  
  18  1:44  SCV  
  19  1:56  SCV  
  19  1:59  Supply Depot  
  20  2:07  Barracks Reactor  
  21  2:08  SCV  
  21  2:10  Marine  
  22  2:20  SCV  
  22  2:22  Supply Depot  
  23  2:24  Barracks Reactor  
  23  2:32  Marauder  
  25  2:49  Factory  
  26  2:51  SCV  
  26  2:58  Marine x2  
  28  3:11  Orbital Command  
  28  3:20  Supply Depot  
  28  3:33  Marine x2  
  30  3:34  Marauder  
  30  3:38  Factory Tech Lab  
  32  3:45  SCV  
  33  3:58  Marine x2  
  33  3:59  Starport  
  35  4:15  Engineering Bay  
  36  4:18  Siege Tank  
  39  4:28  Stimpack  
  38  4:39  Starport Reactor  
  38  5:11  Command Center  
  37  5:24  Marine x5  
  39  5:41  Marine  
  36  5:47  Siege Tank  
  36  5:48  Medivac  
  40  5:50  Marine  
  40  5:51  Marine x3  
  44  5:59  Marine  
  44  6:00  Supply Depot  
  44  6:01  Supply Depot  
  45  6:08  Marine x3  
  43  6:41  Planetary Fortress  
  43  6:44  SCV  
  44  6:49  Missile Turret  
  44  6:50  Missile Turret  
  44  6:56  SCV  
  44  6:59  Missile Turret  
  45  7:02  Missile Turret  
  45  7:08  SCV  
  45  7:11  Missile Turret  
  45  7:12  Bunker  
  45  7:13  Missile Turret  
  46  7:18  SCV  
  46  7:20  SCV  
  48  7:33  SCV  
  48  7:34  Missile Turret  
  49  7:45  SCV  
  49  7:48  Marine x2  
  49  7:49  Marine x2  
  54  7:57  SCV  
  45  8:14  Medivac  
  45  8:15  SCV x2  
  49  8:22  Marine  
  49  8:23  Marine x4  
  49  8:24  Refinery x2  
  54  8:27  SCV  
  54  8:28  SCV  
  56  8:40  SCV x2  
  58  8:42  Marauder  
  58  8:48  Supply Depot  
  60  8:49  Supply Depot x2  
  60  8:51  Supply Depot  
  60  8:52  SCV  
  61  9:02  Medivac  
  63  9:03  Marine, Marauder  
  63  9:04  Marine x3  
  69  9:21  Marine x3  
  69  9:22  Marine  
  73  9:24  Marauder  
  73  9:25  Siege Tank  
  78  9:31  Command Center  
  78  9:34  Medivac  
  80  9:39  Marine x4  
  80  9:42  Armory  
  80  9:45  Marine  
  85  9:57  Marine x4  
  89  10:07  Siege Tank  
  89  10:09  Marine  
  93  10:15  Marine x4  
  97  10:27  Marine  
  98  10:32  Marine, Supply Depot x2  
  98  10:33  Marine x3  
  98  10:34  Supply Depot  
  102  10:39  Siege Tank  
  105  10:45  Marine  
  105  10:50  Marine x2  
  105  10:56  Supply Depot  
  106  10:57  Supply Depot  
  98  11:39  Marine  
  92  11:40  Marine x4  
  92  11:43  Medivac x2  
  92  11:47  Siege Tank  
  104  11:53  Terran Vehicle Weapons Level 1  
  104  11:57  Marine x2  
  104  11:58  Marine x3  
  109  12:10  Missile Turret  
  109  12:13  Medivac  
  109  12:15  Marine x3, Starport  
  111  12:19  Siege Tank  
  117  12:31  Missile Turret  
  117  12:47  Marine x5  
  117  12:51  Siege Tank  
  125  12:59  Starport Tech Lab  
  125  13:04  Marine  
  125  13:17  Marine x2  
  125  13:18  Marine x2  
  129  13:22  Marine  
  129  13:23  Siege Tank, Raven  
  135  13:28  Ghost Academy  
  135  13:35  Marine x4  
  135  13:40  Marine  
  140  13:55  Siege Tank  
  140  14:01  Liberator x2  
  120  14:13  Marine x3  
  120  14:14  Marine x2  
  129  14:27  Siege Tank, Raven  
  129  14:31  Marine x2  
  134  14:38  Terran Infantry Weapons Level 1  
  136  14:40  Nuke  
  136  14:59  Siege Tank  
  139  15:01  Medivac x2  
  142  15:25  Command Center  
  142  15:26  Ghost  
  144  15:31  Siege Tank  
  144  15:33  Personal Cloaking  
  115  16:03  Siege Tank  
  118  16:13  Marine x5  
  121  16:31  Marine x2  
  122  17:45  SCV  
  123  17:52  Refinery  
  123  17:53  Viking x2  
  123  17:56  Raven  
  123  17:57  SCV  
  130  18:09  SCV  
  130  18:11  SCV x2  
  133  18:18  Refinery  
  133  18:21  SCV  
  133  18:23  SCV x2  
  136  18:27  Marine x5  
  136  18:33  SCV  
  142  18:35  SCV x2  
  144  18:45  Marine, SCV  
  146  19:29  Marine x5  
  146  19:31  Siege Tank  
  154  19:46  Marine x2  
  154  19:47  Marine x3  
  159  20:03  Siege Tank  
  162  20:35  SCV x3  
  165  20:44  Supply Depot  
  165  20:45  Supply Depot x2  
  165  20:50  Supply Depot  
Tags
 
Composition
Zealot Archon
Matchup
PvT
Replay Pack
All Mines
Spawn Locations
Close Positions
Add a new tag
Caveats
  • Supply blocks, unpowered buildings, or Contaminate may cause inaccurate times.
  • Supply counts are checked every 10 seconds.